 Dungeon Crawl Stone Soup version 0.30-a0-322-g102857c98e (webtiles) character file.

Game seed: 14924128716964651856

6463 koil the Nimble (level 10, 0/43 (47) HPs)
             Began as a Spriggan Hunter on Oct 27, 2022.
             Was an Initiate of Kikubaaqudgha.
             Slain by a wight
             ... wielding a +4 battleaxe
              (1 damage)
             ... on level 8 of the Dungeon.
             The game lasted 00:34:25 (8508 turns).

koil the Nimble (Spriggan Hunter)                   Turns: 8508, Time: 00:34:26

HP:   0/43 (47)     AC:  8    Str:  7    XL:     10   Next: 68%
MP:   23/23         EV: 27    Int: 10    God:    Kikubaaqudgha [......]
Gold: 532           SH:  0    Dex: 24    Spells: 18/25 levels left

rFire   . . .      SeeInvis +    a - +0 shortbow (drain)
rCold   + . .      Faith    .    (shield currently unavailable)
rNeg    + . .      Spirit   .    p - +0 robe
rPois   +          Reflect  .    (helmet restricted)
rElec   .          Harm     .    v - +1 cloak {rPois}
rCorr   .          Rampage  .    (gloves unavailable)
Will    +....                    (boots unavailable)
Stlth   ++++......               z - amulet of magic regeneration
HPRegen 0.27/turn                e - ring of positive energy
MPRegen 0.58/turn                R - +4 ring of protection

@: slowed, drained, quick
A: very small, no large weapons, unfitting armour, see invisible, speed 3,
hooves 1, cold resistance 1, frail 1, sense surroundings 1
a: Renounce Religion


You were on level 8 of the Dungeon.
You worshipped Kikubaaqudgha.
Kikubaaqudgha was noncommittal.
You visited 2 branches of the dungeon, and saw 10 of its levels.
You also visited: Ossuary and Bailey.

You collected 812 gold pieces.
You spent 280 gold pieces at shops.

Inventory:

Hand Weapons
 a - a +0 shortbow of draining (weapon)
 b - a +2 rapier of speed
Missiles
 i - 2 throwing nets
 l - 7 curare-tipped darts
 B - 8 poisoned darts
Armour
 p - a +0 robe (worn)
 v - a +1 cloak of poison resistance (worn)
Jewellery
 e - a ring of positive energy (left hand)
 z - an amulet of magic regeneration (around neck)
 R - a +4 ring of protection (right hand)
Wands
 q - a wand of mindburst (5)
 x - a wand of charming (14)
Scrolls
 g - 2 scrolls of immolation
 m - 4 scrolls of identify
 n - 3 scrolls of teleportation
 o - a scroll of brand weapon
 r - a scroll of magic mapping
 L - a scroll of amnesia
Potions
 d - a potion of ambrosia
 j - 2 potions of lignification
 k - 4 potions of attraction
 t - a potion of heal wounds
 A - a potion of brilliance
 E - 8 potions of curing
 G - 2 potions of resistance
 H - a potion of cancellation
 K - 2 potions of invisibility


   Skills:
 + Level 6.0 Fighting
 + Level 8.0 Ranged Weapons
 + Level 9.6 Dodging
 - Level 6.0 Stealth
 + Level 8.3 Spellcasting
 + Level 3.1 Hexes
 + Level 5.7 Necromancy
 + Level 2.0 Fire Magic


You had 18 spell levels left.
You knew the following spells:

 Your Spells              Type           Power      Damage    Failure   Level
a - Animate Dead          Necr           15%        N/A       16%         4
b - Inner Flame           Hex/Fire       9%         N/A       17%         3

Your spell library contained the following spells:

 Spells                   Type           Power      Damage    Failure   Level
 Cigotuvi's Dreadful Rot  Necr/Pois/Air  14%        N/A       12%         2
 Magic Dart               Conj           16%        1d3       17%         1
 Call Imp                 Summ           4%         N/A       26%         2
 Poisonous Vapours        Pois/Air       8%         N/A       26%         2
 Mephitic Cloud           Conj/Pois/Air  4%         N/A       45%         3
 Flame Wave               Conj/Fire      6%         2d5       71%         4
 Sticky Flame             Conj/Fire      6%         2d3       71%         4
 Borgnjor's Vile Clutch   Necr/Erth      4%         N/A       80%         5
 Death Channel            Necr           7%         N/A       94%         6
 Alistair's Intoxication  Tmut/Pois      2%         N/A       99%         5
 Eringya's Noxious Bog    Tmut/Pois      2%         N/A       100%        6


Dungeon Overview and Level Annotations

Branches:
Dungeon (9/15)             Temple (1/1) D:7         Ossuary (visited)
 Bailey (visited)
   Lair: D:8-11         Orc: D:9-12

Altars:
Ashenzari
Cheibriados
Dithmenos
Elyvilon
Fedhas
Gozag
Hepliaklqana
Kikubaaqudgha
Makhleb
Nemelex Xobeh
Okawaru
Ru
Sif Muna
Trog
Uskayaw
Vehumet
Wu Jian
Yredelemnul
Zin
The Shining One

Shops:
D:1 *   D:6 *:   D:7 *

Annotations:
D:9 Harold


Innate Abilities, Weirdness & Mutations

You are very small and have problems with some larger weapons.
You are too small for most types of armour.
You have supernaturally acute eyesight. (SInv)
You cover ground extremely quickly. (Speed+++)
You have large cloven feet.
Your flesh is cold resistant. (rC+)
You are frail. (-10% HP)
You passively map a small area around you.


Message History

You shoot an arrow.
The arrow hits the wraith but does no damage.
The wraith is moderately damaged.
The wight hits you with a +4 battleaxe! The wraith barely misses you.
You shoot an arrow. The arrow closely misses the wraith.
The wight closely misses you. The wraith misses you.
The wight completely misses you. The wraith misses you.
You shoot an arrow. The arrow barely misses the wraith.
The wight misses you. The wraith hits you.
You shoot an arrow. The arrow hits the wraith.
The wraith is heavily damaged.
The wight misses you. The wraith hits you but does no damage.
You shoot an arrow. The arrow closely misses the wight.
The wight misses you. The wraith hits you.
* * * LOW HITPOINT WARNING * * *
You shoot an arrow. The arrow hits the wight.
The wight is lightly damaged.
The wight completely misses you. The wraith hits you but does no damage.
You shoot an arrow. The arrow closely misses the wight.
The wight completely misses you. The wraith closely misses you.
You shoot an arrow. The arrow hits the wight.
The wight is moderately damaged.
The wight completely misses you. The wraith completely misses you.
You shoot an arrow. The arrow hits the wight.
The wight is heavily damaged.
The wight completely misses you. The wraith hits you.
* * * LOW HITPOINT WARNING * * *
The wraith drains your vigour!
You feel yourself slow down.
You shoot an arrow. The arrow hits the wight!
The wight is almost destroyed.
The wight misses you. The wraith completely misses you. The wight misses you.
The wraith completely misses you.
You shoot an arrow.
The arrow hits the wight but does no damage.
The wight is almost destroyed.
The wight hits you with a +4 battleaxe!
* * * LOW HITPOINT WARNING * * *
You partially resist.
You feel drained.
You die...
Kikubaaqudgha rasps: "You have failed me!
Welcome... death!"

######.#### #####
....##....##
....#####..##
....# ##..## ....#
##..# #####
##.#####
############.....#
...............zW#
################@#
###


You could see a wraith and a wight.

Vanquished Creatures
  2 orc knights (Bailey)
  Maurice (D:8)
  Sigmund (D:2)
  9 yaks
  A wyvern (D:8)
  A vampire mosquito (D:7)
  A steam dragon (D:8)
  2 water moccasins (D:7)
  A black bear (D:5)
  9 orc warriors
  4 ice beasts
  An ogre (D:7)
  2 phantoms
  3 bullfrogs
  A gnoll sergeant (D:8)
  5 scorpions
  3 wights
  2 killer bees (D:9)
  9 hounds
  Crazy Yiuf (D:2)
  A gnoll bouda (D:7)
  2 iguanas
  2 orc wizards
  8 mummies (Ossuary)
  Robin (D:2)
  10 gnolls
  9 adders
  A shadow imp (D:6)
  An ufetubus (D:5)
  3 worms
  2 dart slugs
  30 orcs
  5 endoplasms
  2 giant cockroaches (D:1)
  20 goblins
  6 hobgoblins
  4 quokkas
  12 ball pythons
  11 bats
  5 frilled lizards
  2 gnoll zombies (Ossuary)
  4 hobgoblin zombies (Ossuary)
  9 kobolds
  A kobold zombie (Ossuary)
  An orc zombie (Ossuary)
  12 rats
223 creatures vanquished.

Vanquished Creatures (others)
  A fungus (D:2)
1 creature vanquished.

Grand Total: 224 creatures vanquished

Notes
Turn   | Place    | Note
-------+----------+-------------------------------------------
     0 | D:1      | koil the Spriggan Hunter began the quest for the Orb.
     0 | D:1      | Reached XP level 1. HP: 10/10 MP: 2/2
   169 | D:1      | Reached XP level 2. HP: 15/15 MP: 3/3
   176 | D:1      | Reached skill level 3 in Dodging
   285 | D:1      | Reached skill level 1 in Spellcasting
   379 | D:1      | Found Estomysu's General Store.
   681 | D:2      | Reached XP level 3. HP: 18/18 MP: 5/5
   844 | D:2      | Noticed Robin
   851 | D:2      | Killed Robin
   921 | D:2      | Found a radiant altar of Vehumet.
   921 | D:2      | Noticed Sigmund
   933 | D:2      | Reached XP level 4. HP: 11/23 MP: 7/7
   934 | D:2      | Killed Sigmund
   935 | D:2      | Reached skill level 4 in Dodging
   935 | D:2      | Reached XP level 5. HP: 14/27 MP: 7/10
  1514 | D:2      | Found a runed translucent door.
  1515 | D:2      | Noticed Crazy Yiuf
  1550 | D:2      | Killed Crazy Yiuf
  1551 | D:2      | Reached XP level 6. HP: 32/32 MP: 11/11
  1902 | D:3      | Learned a level 4 spell: Animate Dead
  2016 | D:3      | Found a shimmering blue altar of Sif Muna.
  2479 | D:4      | Reached skill level 5 in Ranged Weapons
  2529 | D:4      | Reached skill level 5 in Stealth
  2553 | D:4      | Found a sand-covered staircase.
  2668 | Ossuary  | Entered an ossuary
  2695 | Ossuary  | Reached skill level 1 in Necromancy
  2722 | Ossuary  | HP: 1/32 [mummy (18)]
  2740 | Ossuary  | Reached XP level 7. HP: 4/36 MP: 13/13
  2870 | Ossuary  | Reached skill level 5 in Dodging
  3570 | D:5      | Entered Level 5 of the Dungeon
  4532 | D:5      | Reached XP level 8. HP: 40/40 MP: 15/15
  4619 | D:6      | Reached skill level 6 in Dodging
  4724 | D:6      | Reached skill level 5 in Spellcasting
  4939 | D:6      | Found Jeaddi's Book Shop.
  5115 | D:6      | Found Zin's Purification Station.
  5120 | D:6      | Found a glowing silver altar of Zin.
  5269 | D:7      | Found Adiram's Assorted Antiques.
  5295 | D:7      | Found a staircase to the Ecumenical Temple.
  5306 | D:7      | Reached skill level 7 in Dodging
  5310 | Temple   | Entered the Ecumenical Temple
  5463 | Temple   | Became a worshipper of Warmaster Okawaru
  5551 | Temple   | Gained mutation: You are frail. (-10% HP) [potion of
                  | mutation]
  5551 | Temple   | Gained mutation: You passively map a small area around you.
                  | [potion of mutation]
  5551 | Temple   | Gained mutation: You have large cloven feet. [potion of
                  | mutation]
  5551 | Temple   | Gained mutation: Your flesh is cold resistant. (rC+)
                  | [potion of mutation]
  5713 | D:7      | Found a flagged portal.
  5724 | Bailey   | Entered a bailey
  5815 | Bailey   | Noticed an orc knight
  5815 | Bailey   | Noticed an orc knight
  5879 | Bailey   | Reached XP level 9. HP: 41/41 MP: 19/19
  5889 | Bailey   | Reached * piety under Okawaru
  6027 | Bailey   | Killed an orc knight
  6028 | Bailey   | Reached skill level 5 in Fighting
  6028 | Bailey   | Reached skill level 8 in Dodging
  6141 | Bailey   | Killed an orc knight
  6141 | Bailey   | Reached ** piety under Okawaru
  6156 | Bailey   | Found the +10 tower shield of Ignorance {rN+ Int-4}
  6212 | Bailey   | Identified the +1 chain mail "Damu Okkoocw" {rF+ Will+
                  | Stlth+}
  6463 | D:7      | Found a hazy altar of Hepliaklqana.
  6560 | D:7      | Found a snail-covered altar of Cheibriados.
  6563 | D:7      | Found a glowing golden altar of the Shining One.
  6566 | D:7      | Found an ornate altar of the Wu Jian Council.
  6569 | D:7      | Found a blossoming altar of Fedhas.
  6690 | D:7      | Reached skill level 5 in Necromancy
  6874 | D:7      | Found a sacrificial altar of Ru.
  6890 | D:7      | Reached XP level 10. HP: 45/45 MP: 22/22
  7155 | D:6      | Bought a book of Flames for 280 gold pieces
  7159 | D:6      | Learned a level 3 spell: Inner Flame
  7202 | D:7      | Reached *** piety under Okawaru
  7234 | D:7      | Reached skill level 1 in Hexes
  7242 | D:7      | Reached skill level 9 in Dodging
  7359 | D:8      | Identified the +0 scale mail of Ihofrax {+Inv rF+ Int+4}
  7370 | D:8      | Noticed Maurice
  7401 | D:8      | Killed Maurice
  7402 | D:8      | Reached skill level 1 in Fire Magic
  7806 | D:8      | Reached **** piety under Okawaru
  8000 | Temple   | Fell from the grace of Okawaru
  8000 | Temple   | Became a worshipper of Kikubaaqudgha
  8235 | D:9      | Noticed Harold
  8508 | D:8      | HP: 1/44 [wight/+4 battleaxe (11)]
  8508 | D:8      | Slain by a wight

Illustrated notes

Levels and vault maps discovered:
D:1:      minmay_arrival_checkered_box, layout_basic, serial_shops, shop,
          minmay_misc_feat_hallway
D:2:      layout_basic, basic_altar, uniq_crazy_yiuf_cottage, uniq_robin,
          uniq_sigmund
D:3:      layout_loops_cross, led_sif_pool
D:4:      layout_basic, lightli_ossuary_entry_decrepit_ruins,
          amcnicky_mini_corridor_feature
D:5:      layout_gridville
D:6:      minmay_diamond_boxcup, layout_rooms, zin_purify,
          nicolae_take_the_stairs
D:7:      layout_loops_corners, grunt_temple_overflow_cloverleaf,
          mainiacjoe_overflow_alcove_2, mainiacjoe_overflow_boulevard,
          minmay_temple_entry_stoned_glass, serial_shops, nicolae_stop_n_shop_2,
          enter_bailey_3, kennysheep_dice
D:8:      layout_rooms, uniq_maurice
D:9:      layout_roguey, lemuel_coloured_pillars_altar, uniq_harold
Temple:   jpeg_temple_clearing

Skill      XL: |  1  2  3  4  5  6  7  8  9 10 |
---------------+-------------------------------+-----
Stealth        | 2 3 4 5 6 |  6.0
Dodging        | 3 4 5 7 8 9 |  9.6
Spellcasting   | 1 2 3 4 6 7 8 |  8.3
Fighting       | 2 3 4 5 6 |  6.0
Ranged Weapons | 5 6 7 8 |  8.0
Necromancy     | 1 2 3 5 |  5.7
Hexes          | 3 |  3.1
Fire Magic     | 2 |  2.0

Action                   |  1- 3 |  4- 6 |  7- 9 | 10-12 || total
-------------------------+-------+-------+-------+-------++-------
 Fire: Shortbow          |   110 |   226 |   448 |   238 ||  1022
Throw: Dart              |       |       |     1 |       ||     1
  Use: Potion            |       |       |    12 |     1 ||    13
       Scroll            |       |       |    11 |     1 ||    12
Armor: Robe              |     6 |     7 |    25 |    24 ||    62
Dodge: Dodged            |    25 |   139 |   261 |   234 ||   659

Table legend: (Time is in decaauts)
 A = Elapsed time spent in this place.
 B = Non-inter-level travel time spent in this place.
 C = Inter-level travel time spent in this place.
 D = Time resting spent in this place.
 E = Time spent auto-exploring this place.
 F = Levels seen in this place.
 G = Mean time per level.
                   A        B        C        D        E       F      G
               +--------+--------+--------+--------+--------+-----+--------+
         Total |   6444 |   6180 |    264 |    833 |   3291 |  12 |  537.0 |
       Dungeon |   5461 |   5235 |    226 |    675 |   3120 |   9 |  606.8 |
        Temple |    222 |    185 |     37 |     54 |     65 |   1 |  222.0 |
       Ossuary |    321 |    321 |      0 |    104 |     80 |   1 |  321.0 |
        Bailey |    439 |    439 |      0 |      0 |     25 |   1 |  439.0 |
               +--------+--------+--------+--------+--------+-----+--------+

Top non-repeatable levels by time:
     D:8: 868 daAuts
     D:7: 860 daAuts
     D:5: 834 daAuts
     D:2: 667 daAuts
     D:4: 613 daAuts
     D:3: 559 daAuts
     D:6: 501 daAuts
     D:1: 469 daAuts
  Bailey: 439 daAuts
 Ossuary: 321 daAuts
  Temple: 222 daAuts
     D:9: 86 daAuts
